 Dungeon Crawl Stone Soup version 0.19.0-19-g8c6edcc (webtiles) character file.

1927 equalderp2856 the Gouger (level 8, -13/35 HPs)
             Began as a Felid Fighter on Nov 13, 2016.
             Shot with an arrow by a centaur warrior (17 damage)
             ... on level 5 of the Dungeon.
             The game lasted 00:52:00 (15313 turns).

equalderp2856 the Gouger (Felid Fighter)           Turns: 15313, Time: 00:52:01

Health: -13/35     AC:  2    Str: 13    XL:     8   Next: 96%
Magic:  16/16      EV: 23    Int:  9    God:
Gold:   459        SH:  0    Dex: 17    Spells: 2 memorised, 14 levels left
                                        Lives:  0   Deaths: 2

rFire  . . .     SeeInvis +       - Unarmed
rCold  . . .     Gourm    .     (armour unavailable)
rNeg   . . .     Faith    .     (shield unavailable)
rPois  .         Spirit   .     (helmet unavailable)
rElec  .         Reflect  .     (cloak unavailable)
rCorr  .         Harm     .     (gloves unavailable)
MR     +....                    (boots unavailable)
Stlth  ++++......               (no amulet)
                                (no ring)
                                (no ring)

@: quick
A: no armour, no weapons or thrown items, stealth, claws 1, fangs 3, see
invisible, carnivore 3, speed 1, shaggy fur 2, slow metabolism 1, sharp paws
a: no special abilities


You were on level 5 of the Dungeon.
You were not hungry.

You visited 1 branch of the dungeon, and saw 7 of its levels.

You collected 459 gold pieces.

Inventory:

Missiles
 o - 56 poisoned needles
 q - 47 sling bullets
Armour
 e - a +0 robe
 p - the cursed +0 pair of gloves of Submission {+Blink rElec Int+3 Dex+4, unknown}
   (You found it on level 4 of the Dungeon)

   It affects your intelligence (+3).
   It affects your dexterity (+4).
   It insulates you from electricity.
   It lets you blink.
   It has a curse placed upon it.
Jewellery
 i - a cursed ring of loudness {unknown}
 r - the ring "Plog" {Fire Str+3 Dex+3 Stlth+, unknown}
   (You found it on level 6 of the Dungeon)

   [ring of fire]

   It enhances your fire magic.
   It affects your strength (+3).
   It affects your dexterity (+3).
   It protects you from fire.
   It makes you vulnerable to cold.
   It makes you more stealthy.
 z - a cursed ring of teleportation {unknown}
 A - an uncursed ring of positive energy {unknown}
Wands
 n - a wand of iceblast (10/15)
 s - a wand of disintegration (19/24)
Scrolls
 c - a scroll of blinking {unknown}
 f - 6 scrolls of identify {unknown}
 h - a scroll of noise {unknown}
 j - 5 scrolls of remove curse {unknown}
 t - a scroll of fog {unknown}
 y - 2 scrolls of magic mapping {unknown}
 B - a scroll of torment {unknown}
Potions
 a - 6 potions of might
 d - a potion of haste {unknown}
 g - a potion of berserk rage {unknown}
 k - 3 potions of curing {unknown}
 l - a potion of brilliance {unknown}
 u - a potion of lignification {unknown}
 w - a potion of flight {unknown}
 x - a potion of degeneration {unknown}
 C - a potion of ambrosia
Books
 m - a book of Minor Magic

   Spells                             Type                      Level
   a - Magic Dart                     Conjuration                  1
   b - Blink                          Translocation                2
   c - Call Imp                       Summoning                    2
   d - Repel Missiles                 Charms/Air                   2
   e - Slow                           Hexes                        2
   f - Conjure Flame                  Conjuration/Fire             3
   g - Mephitic Cloud                 Conjuration/Poison/Air       3
Comestibles
 b - 3 meat rations
 v - 4 bread rations


   Skills:
 + Level 3.6 Fighting
 + Level 7.5 Dodging
 + Level 5.5 Stealth
 + Level 8.7 Unarmed Combat
 * Level 5.1 Spellcasting
 - Level 1.0 Conjurations
 + Level 4.3 Translocations


You had 14 spell levels left.
You knew the following spells:

 Your Spells              Type           Power        Failure   Level  Hunger
a - Magic Dart            Conj           #...         17%         1    #......
b - Blink                 Tloc           N/A          8%          2    ##.....


Dungeon Overview and Level Annotations

Branches:
Dungeon (7/15)
 Temple: D:4-7

Altars:
Dithmenos
Gozag
Hepliaklqana
Makhleb
Trog
Zin


Innate Abilities, Weirdness & Mutations

You cannot wear armour.
You are incapable of wielding weapons or throwing items.
Your paws allow you to move quietly. (Stealth)
You have sharp claws.
You have razor-sharp teeth.
You have supernaturally acute eyesight. (SInv)
You are carnivorous and can eat meat at any time.
You cover ground quickly.
You are covered in thick fur. (AC +2)
You have a slow metabolism.
Your sharp claws are effective at attacking unaware monsters.


Message History

There is a stone staircase leading up here.
You can't go down here!
Unknown command.
You climb upwards.
There is a stone staircase leading down here.
A centaur warrior comes into view.
The centaur warrior shouts!
The centaur warrior wields a shortbow.
The centaur warrior shoots an arrow.
The arrow hits you!!
Ouch! That really hurt!
You see here an arrow.
The centaur warrior shoots an arrow.
The arrow misses you.
The centaur warrior shoots an arrow.
The arrow hits you!
* * * LOW HITPOINT WARNING * * *
You see here an arrow.
The centaur warrior shoots an arrow.
The arrow barely misses you.
You see here an arrow.
There is a stone staircase leading down here.
The centaur warrior shoots an arrow.
The arrow hits you!
You die...

..########.## ##............<#
...........## #............##
...#........# ###.........##
####.....c..## ########..# #
#.........## #### #
#..........#
##..........######
##................###########
##..........(.((@............#
#.............(########.....##
...............# #......#
....<..........# #..)...#
...........)...# #......#
...............# #......#
...............# ##.....#
...............# #....##
...............# ###..#


You could see a centaur warrior.

Vanquished Creatures
  2 ice beasts (D:5)
  A sky beast (D:5)
  A phantom (D:6)
  3 ogres
  2 centaurs
  A gnoll sergeant (D:6)
  A water moccasin zombie (D:6)
  A centaur zombie (D:5)
  2 howler monkeys
  2 crimson imps
  A jelly (D:5)
  3 orc priests
  6 hounds
  3 orc wizards (D:5)
  Jessica (D:2)
  A bullfrog skeleton (D:4)
  Ijyb (D:2)
  An iguana (D:5)
  4 worker ants
  A worker ant zombie (D:5)
  39 gnolls
  6 adders
  4 oozes
  2 adder skeletons (D:5)
  An adder zombie (D:6)
  3 worms
  3 leopard geckos (D:6)
  22 orcs
  9 giant cockroaches
  11 hobgoblins
  25 jackals
  5 quokkas
  A ball python (D:2)
  6 bats
  3 frilled lizards (D:1)
  8 goblins
  12 kobolds
  A quokka skeleton (D:6)
  6 rats
205 creatures vanquished.

Notes
Turn   | Place    | Note
-------+----------+-------------------------------------------
     0 | D:1      | equalderp2856 the Felid Fighter began the quest for the Orb.
     0 | D:1      | Reached XP level 1. HP: 10/10 MP: 2/2
   126 | D:1      | Reached skill level 1 in Stealth
   371 | D:1      | Reached XP level 2. HP: 14/14 MP: 3/3
  1438 | D:3      | Reached XP level 3. HP: 17/17 MP: 3/5
  1851 | D:2      | Reached skill level 5 in Dodging
  1851 | D:2      | Reached skill level 1 in Spellcasting
  1932 | D:2      | Noticed Jessica
  2187 | D:1      | Reached XP level 4. HP: 7/21 MP: 6/6
  2189 | D:1      | Slain by a hobgoblin
  2190 | D:1      | Reached XP level 3. HP: -2/17 MP: 5/5
  2853 | D:2      | Noticed Ijyb
  2873 | D:2      | Killed Ijyb
  2873 | D:2      | Reached XP level 4. HP: 14/21 MP: 6/6
  3706 | D:2      | Reached skill level 5 in Unarmed Combat
  3874 | D:1      | Noticed an ogre
  4306 | D:1      | Killed an ogre
  4306 | D:1      | Reached XP level 5. HP: 24/24 MP: 7/9
  4465 | D:2      | Killed Jessica
  4836 | D:3      | Found a burning altar of Makhleb.
  4843 | D:3      | Noticed a green death
  4844 | D:3      | Found a glowing silver altar of Zin.
  4845 | D:3      | Noticed an angel
  4947 | D:3      | Gained mutation: You are covered in thick fur. (AC +2) [Felid growth]
  4947 | D:3      | Reached XP level 6. HP: 17/28 MP: 10/10
  5580 | D:3      | Reached skill level 6 in Unarmed Combat
  5673 | D:3      | Learned a level 1 spell: Magic Dart
  6193 | D:4      | Got a pair of pitted gloves
  6368 | D:4      | Reached XP level 7. HP: 31/31 MP: 7/11
  6543 | D:4      | Found a shadowy altar of Dithmenos.
  7247 | D:4      | Reached skill level 1 in Conjurations
  7269 | D:4      | Learned a level 2 spell: Blink
  7539 | D:5      | Entered Level 5 of the Dungeon
  7650 | D:5      | Killed from afar by an orc priest
  7651 | D:5      | Reached XP level 6. HP: -6/28 MP: 10/11
  7768 | D:5      | Killed a sky beast
  7768 | D:5      | Reached skill level 1 in Translocations
  8167 | D:5      | Reached skill level 5 in Stealth
  8355 | D:5      | Reached XP level 7. HP: 31/31 MP: 6/12
  8470 | D:5      | Found an opulent altar of Gozag.
  9158 | D:5      | Reached skill level 7 in Unarmed Combat
 10397 | D:6      | Got a heavily runed brass ring
 10941 | D:6      | Found a bloodstained altar of Trog.
 11616 | D:6      | Reached XP level 8. HP: 29/34 MP: 15/15
 11658 | D:6      | Found a hazy altar of Hepliaklqana.
 12585 | D:5      | Reached skill level 8 in Unarmed Combat
 14811 | D:6      | Reached skill level 5 in Spellcasting
 15307 | D:5      | Noticed a centaur warrior
 15313 | D:5      | Shot with an arrow by a centaur warrior

Skill      XL: |  1  2  3  4  5  6  7  8 |
---------------+-------------------------+-----
Stealth        | 1 2 3 5 |  5.5
Dodging        | 5 6 7 |  7.5
Spellcasting   | 1 2 3 4 5 |  5.1
Unarmed Combat | 5 6 7 8 |  8.7
Conjurations   | 1 |  1.0
Translocations | 1 3 4 |  4.3
Fighting       | |  3.6

Action                   |  1- 3 |  4- 6 |  7- 9 || total
-------------------------+-------+-------+-------++-------
Melee: Unarmed           |   135 |   196 |   389 ||   720
       Bite              |    12 |    19 |    47 ||    78
       Punch             |     3 |     3 |    18 ||    24
 Cast: Magic Dart        |       |    12 |    93 ||   105
       Blink             |       |       |     9 ||     9
  Use: Potion            |     3 |     1 |     1 ||     5
 Stab: Sleeping          |     4 |     3 |     2 ||     9
       Distracted        |       |       |     3 ||     3
  Eat: Chunk             |     6 |     9 |    15 ||    30
       Pizza             |       |       |     1 ||     1
Armor: Skin              |     3 |     6 |    19 ||    28
Dodge: Dodged            |   124 |   134 |   330 ||   588
